 Dungeon Crawl Stone Soup version 0.29-a0-789-g7a8fcbc185 (webtiles) character file.

Game seed: 11549543979936430150

42 nxtlvl the Chopper (level 3, 0/33 HPs)
             Began as a Naga Gladiator on July 2, 2022.
             Slain by an orc warrior
             ... wielding a +0 trident of venom
              (19 damage)
             ... on level 3 of the Dungeon.
             The game lasted 00:05:27 (584 turns).

nxtlvl the Chopper (Naga Gladiator)                  Turns: 584, Time: 00:05:27

Health: 0/33       AC:  5    Str: 16    XL:     3   Next: 56%
Magic:  3/3        EV:  9    Int:  8    God:
Gold:   35         SH:  0    Dex: 14    Spells: 2/2 levels left

rFire   . . .      SeeInvis +   a - +0 war axe
rCold   . . .      Faith    .   (no shield)
rNeg    . . .      Spirit   .   i - +0 ring mail
rPois   +          Reflect  .   c - +0 helmet
rElec   .          Harm     .   (no cloak)
rCorr   .          Rampage  .   f - +0 pair of gloves
Will    .....                   (no barding)
Stlth   +.........              (no amulet)
HPRegen 0.11/turn               (no ring)
MPRegen 0.08/turn               (no ring)

@: very slow
A: AC +1, large, see invisible, deformed body, poison resistance, slowness 2,
spit poison 1, naga tail 1
a: Spit Poison


You were on level 3 of the Dungeon.
You visited 1 branch of the dungeon, and saw 3 of its levels.

You collected 49 gold pieces.
You spent 14 gold pieces at shops.

Inventory:

Hand Weapons
 a - a +0 war axe (weapon)
Missiles
 e - a javelin (quivered)
Armour
 c - a +0 helmet (worn)
 f - a +0 pair of gloves (worn)
 i - a +0 ring mail (worn)
Wands
 h - a wand of mindburst (6)
Potions
 b - a potion of magic {unknown}
 g - a potion of heal wounds {unknown}


   Skills:
 + Level 2.6 Fighting
 * Level 3.8 Axes
 - Level 2.0 Throwing
 - Level 2.5 Dodging


You had 2 spell levels left.
You didn't know any spells.
Your spell library was empty.

Dungeon Overview and Level Annotations

Branches:
Dungeon (3/15)

Altars:

Shops:
D:1 ?


Innate Abilities, Weirdness & Mutations

Your serpentine skin is tough. (AC +1)
You have supernaturally acute eyesight. (SInv)
Armour fits poorly on your strangely shaped body.
Your system is resistant to poisons. (rPois)
You cover ground very slowly.
You can spit poison.
You have a snake-like lower body.


Message History

You hit the plant. The kobold barely misses you.
You slash the kobold!
You kill the kobold!
You hit the plant but do no damage.
A nearby plant withers and dies.
Things that are here:
a +0 dagger; 2 stones You see here a +0 dagger.
An orc warrior comes into view. It is wielding a +0 trident of venom.
The orc warrior shouts!
You hear a shout!
Okay, then.
You aren't carrying any scrolls.
Aiming: Spit Poison (2% risk of failure)
Press: ? - help, Shift-Dir - straight line, f - orc warrior
Aim: an orc warrior, wielding a +0 trident of venom and wearing a +0 plate armour (59% to hit)
The splash of poison hits the orc warrior but does no damage.
The orc warrior is poisoned.
Throw: 3 throwing nets
Press: ? - help, Q - select action, (/) - cycle Shift-Dir - straight line, f/p - orc warrior
Aim: an orc warrior, wielding a +0 trident of venom and wearing a +0 plate armour (poisoned, 60% to hit)
You throw a throwing net.
The throwing net closely misses the orc warrior.
Throw: 2 throwing nets
Press: ? - help, Q - select action, (/) - cycle Shift-Dir - straight line, f/p - orc warrior
Aim: an orc warrior, wielding a +0 trident of venom and wearing a +0 plate armour (poisoned, 60% to hit)
You throw a throwing net.
The throwing net closely misses the orc warrior.
The orc warrior barely misses you.
Throw: throwing net
Press: ? - help, Q - select action, (/) - cycle Shift-Dir - straight line, f/p - orc warrior
Aim: an orc warrior, wielding a +0 trident of venom and wearing a +0 plate armour (poisoned, 60% to hit)
You throw a throwing net.
The throwing net barely misses the orc warrior.
You have got your breath back.
The orc warrior hits you with a +0 trident of venom.
The orc warrior hits you with a +0 trident of venom!
You hit the orc warrior but do no damage.
The orc warrior hits you with a +0 trident of venom!!
Ouch! That really hurt!
You die...

.#.# #.# ..#
#.# #.# #(# #.#
#.#
.###.#.###.#
............#
#####.#.###.#
#.#.# #o# . ..#
#@# ##.#.# #.#
#.#.# #.# . #.#
#.# ## #. #.#
#. #)# ###.#
#.# ....###)#
######..##.####


You could see an orc warrior (poisoned).

Vanquished Creatures
  An adder (D:3)
  A worm (D:2)
  2 ball pythons (D:1)
  2 bats (D:1)
  3 endoplasms (D:1)
  A giant cockroach (D:1)
  4 hobgoblins (D:1)
  A quokka (D:2)
  7 frilled lizards
  A goblin (D:1)
  5 kobolds
  3 rats
31 creatures vanquished.

Vanquished Creatures (others)
  A plant (D:3)
1 creature vanquished.

Grand Total: 32 creatures vanquished

Notes
Turn   | Place    | Note
-------+----------+-------------------------------------------
     0 | D:1      | nxtlvl the Naga Gladiator began the quest for the Orb.
     0 | D:1      | Reached XP level 1. HP: 19/19 MP: 1/1
    98 | D:1      | Reached XP level 2. HP: 16/26 MP: 2/2
   297 | D:1      | Found Ytijytez's Magic Scroll Shoppe.
   314 | D:1      | Bought a scroll of noise for 14 gold pieces
   348 | D:2      | Reached XP level 3. HP: 29/33 MP: 3/3
   521 | D:3      | Found a faded altar of an unknown god.
   570 | D:3      | Noticed an orc warrior
   584 | D:3      | Slain by an orc warrior

Illustrated notes

Levels and vault maps discovered:
D:1:      dpeg_arrival_chambers_temple_mockup, layout_basic, serial_shops, shop,
          corexii_hall_statues_s, amcnicky_mini_pool_small
D:2:      layout_rooms, basic_altar
D:3:      layout_basic, shapermc_ecumenical_altar_mp_ritualfount,
          due_unseen_surprise

Skill      XL: |  1 |
---------------+----+-----
Throwing       | 2 |  2.0
Fighting       | |  2.6
Axes           | |  3.8
Dodging        | |  2.5

Action                   || total
-------------------------++-------
Melee: War axe           ||    64
       Punch             ||     1
Throw: Throwing net      ||     3
 Abil: Spit Poison       ||    23
Armor: Leather armour    ||    19
       Ring mail         ||    10
Dodge: Dodged            ||    38

Table legend: (Time is in decaauts)
 A = Elapsed time spent in this place.
 B = Non-inter-level travel time spent in this place.
 C = Inter-level travel time spent in this place.
 D = Time resting spent in this place.
 E = Time spent auto-exploring this place.
 F = Levels seen in this place.
 G = Mean time per level.
                   A        B        C        D        E       F      G
               +--------+--------+--------+--------+--------+-----+--------+
         Total |    784 |    770 |     14 |      0 |      0 |   3 |  261.3 |
       Dungeon |    784 |    770 |     14 |      0 |      0 |   3 |  261.3 |
               +--------+--------+--------+--------+--------+-----+--------+

Top non-repeatable levels by time:
     D:1: 442 daAuts
     D:3: 182 daAuts
     D:2: 159 daAuts
